Map: Inside and Out

Players

Timorus

  • Race: Terran Terran
  • Spawn Location: 1:00

Azure - Winner!

  • Race: Terran Terran
  • Spawn Location: 7:00

Event: DreamHack SC2 Masters 2022 Atlanta (Offline)

VOD

Have the link to the VOD?

Description

Time

  • Played on: Nov. 18, 2022, 1:26 p.m.
  • Length: 12:03

All games in this series

Show
View Real Time Build Order
Export as new Build Order

Timorus Terran 

Build Orders:  

Get SALT Encoding   

  12  0:00  SCV  
  13  0:12  SCV  
  14  0:17  Supply Depot  
  14  0:24  SCV  
  15  0:38  SCV  
  15  0:40  Barracks  
  16  0:43  Refinery  
  16  0:50  SCV  
  16  0:52  Refinery  
  17  1:02  SCV  
  18  1:15  SCV  
  19  1:27  Reaper, Orbital Command  
  19  1:30  Supply Depot  
  20  1:39  Factory  
  20  1:52  SCV  
  21  1:59  Barracks Reactor  
  21  2:04  SCV  
  22  2:16  SCV  
  22  2:20  Command Center  
  23  2:25  Hellion  
  23  2:29  SCV  
  26  2:35  Reaper x2  
  28  2:39  Supply Depot  
  28  2:41  SCV  
  29  2:47  Hellion  
  31  2:58  Starport  
  31  3:00  SCV  
  32  3:07  Reaper x2  
  33  3:13  SCV  
  30  3:23  Hellion  
  30  3:25  SCV  
  33  3:32  Refinery  
  33  3:33  Orbital Command  
  33  3:37  SCV, Starport Tech Lab  
  33  3:40  Marine x2  
  36  3:45  Factory Tech Lab  
  36  3:49  SCV  
  37  3:57  Raven  
  37  3:58  Marine x2  
  37  4:01  SCV x2  
  43  4:07  Cyclone  
  46  4:13  SCV x2  
  48  4:18  Supply Depot  
  48  4:20  Marine  
  48  4:21  Marine  
  50  4:25  SCV x2  
  52  4:39  SCV x2  
  52  4:40  Supply Depot  
  52  4:41  Supply Depot  
  52  4:46  Siege Tank  
  52  4:51  Raven  
  54  5:02  SCV x2, Marine x2  
  54  5:06  Supply Depot  
  58  5:14  SCV x2  
  58  5:18  Siege Tank  
  63  5:24  Command Center  
  63  5:26  SCV  
  64  5:31  SCV  
  64  5:34  Refinery  
  65  5:38  SCV  
  61  5:43  SCV  
  61  5:47  Marine  
  61  5:48  Stimpack  
  58  5:50  Siege Tank  
  58  5:55  Viking x2  
  65  5:58  SCV  
  66  6:04  SCV  
  66  6:05  Marine  
  66  6:11  SCV  
  69  6:16  SCV  
  70  6:21  Supply Depot  
  70  6:23  SCV, Siege Tank, Marine  
  70  6:24  Barracks  
  75  6:26  Barracks  
  75  6:28  SCV  
  75  6:35  SCV  
  75  6:37  Viking  
  77  6:40  SCV  
  77  6:42  Viking  
  77  6:44  Marine  
  81  6:47  SCV  
  81  6:53  SCV  
  83  6:54  Orbital Command  
  83  6:59  SCV, Siege Tank  
  86  7:02  Marine  
  86  7:05  SCV  
  86  7:07  Viking  
  90  7:11  SCV  
  90  7:12  Supply Depot, Viking  
  91  7:15  Barracks Reactor  
  91  7:16  Barracks Reactor  
  91  7:17  SCV  
  91  7:20  Orbital Command  
  92  7:24  Marine  
  93  7:31  Engineering Bay  
  93  7:32  Engineering Bay  
  93  7:34  SCV x2  
  95  7:44  Siege Tank  
  95  7:45  Marine  
  95  7:47  SCV  
  95  7:48  SCV x2  
  104  7:53  Medivac x2  
  104  7:54  Marine x2  
  108  7:59  SCV  
  108  8:00  Terran Infantry Armor Level 1, Terran Infantry Weapons Level 1  
  108  8:02  SCV  
  108  8:03  Marine  
  109  8:09  Supply Depot  
  109  8:10  Supply Depot  
  109  8:16  SCV  
  109  8:19  SCV x2  
  112  8:21  Refinery, Sensor Tower, Marine x2  
  112  8:22  Refinery, Marine  
  115  8:29  Marine  
  115  8:30  Marine  
  115  8:31  Siege Tank  
  115  8:32  SCV  
  122  8:34  SCV x2  
  122  8:42  Marine  
  122  8:43  Marine  
  122  8:45  SCV  
  122  8:48  Marine  
  125  8:50  Combat Shield, Marine  
  125  8:51  Barracks, Marine  
  125  8:52  Barracks  
  125  8:53  SCV x2  
  129  8:57  SCV  
  130  9:04  Marine  
  130  9:05  SCV x2  
  133  9:11  Armory  
  133  9:12  Supply Depot  
  133  9:13  Supply Depot x2  
  133  9:14  Supply Depot  
  133  9:21  Marine  
  133  9:27  Factory  
  133  9:33  Viking x2, Marine x4  
  133  9:34  SCV, Siege Tank  
  133  9:37  SCV  
  146  9:39  Command Center  
  146  9:40  SCV  
  146  9:43  Marine  
  149  9:46  SCV  
  149  9:49  Barracks Reactor x2  
  149  9:51  Marine  
  148  9:54  Marine x2  
  150  10:02  Marine  
  150  10:05  Terran Vehicle Weapons Level 1  
  152  10:09  Marine  
  152  10:12  Marine  
  152  10:13  Marine  
  155  10:15  Siege Tank  
  155  10:19  Marine  
  157  10:24  Barracks Reactor, Viking x2  
  157  10:26  SCV  
  161  10:30  Starport  
  161  10:32  Marine  
  161  10:33  Starport  
  162  10:37  Marine x2  
  162  10:38  Marine x2  
  165  10:50  Marine x2  
  165  10:51  Siege Tank  
  170  11:02  Marine x4  
  170  11:03  Siege Tank  
  174  11:17  Marine  
  174  11:18  Marine x2  
  175  11:20  Starport Tech Lab x2  
  176  11:34  Marine x2  
  176  11:38  Refinery  
  178  11:40  Marine x2  
  178  11:44  Missile Turret  
  178  11:45  Sensor Tower  
  178  11:46  Missile Turret  
Show
View Real Time Build Order
Export as new Build Order

Azure Terran - Winner!

Build Orders:  

Get SALT Encoding   

  12  0:00  SCV  
  13  0:12  SCV  
  14  0:16  Supply Depot  
  14  0:24  SCV  
  15  0:38  SCV  
  15  0:39  Barracks  
  16  0:43  Refinery  
  16  0:50  SCV  
  16  0:52  Refinery  
  17  1:02  SCV  
  18  1:14  SCV  
  19  1:26  Reaper, Orbital Command  
  19  1:31  Supply Depot  
  20  1:40  Factory  
  20  1:53  SCV  
  21  1:59  Reaper  
  22  2:05  SCV  
  23  2:17  SCV  
  23  2:20  Command Center  
  24  2:24  Hellion  
  26  2:30  SCV  
  26  2:35  Starport  
  27  2:41  Barracks Reactor  
  27  2:42  SCV  
  28  2:47  Supply Depot  
  28  2:48  Factory Tech Lab  
  28  2:55  SCV  
  29  3:07  SCV  
  30  3:14  Siege Tank  
  30  3:20  SCV  
  31  3:27  Marine x2  
  31  3:28  Medivac  
  31  3:30  Supply Depot  
  31  3:32  Orbital Command  
  35  3:34  Refinery  
  35  3:36  SCV  
  36  3:45  Marine x2  
  36  3:48  SCV  
  39  3:58  SCV  
  39  3:59  Cyclone, Starport Tech Lab  
  39  4:00  SCV  
  44  4:03  Marine x2  
  46  4:10  SCV  
  46  4:12  SCV  
  48  4:18  Raven  
  48  4:20  Marine  
  48  4:21  Supply Depot, Marine  
  48  4:22  SCV  
  53  4:24  SCV  
  54  4:34  SCV  
  54  4:36  SCV  
  56  4:38  Marine x2  
  56  4:40  Siege Tank  
  60  4:46  SCV  
  60  4:48  SCV  
  55  4:54  Command Center  
  55  4:57  Marine x2  
  55  4:58  SCV  
  58  5:00  SCV  
  58  5:02  Raven  
  58  5:03  Refinery  
  61  5:10  SCV  
  61  5:12  SCV  
  61  5:14  Siege Tank  
  66  5:22  SCV  
  66  5:24  SCV  
  66  5:25  Supply Depot, Marine x2  
  66  5:26  Supply Depot  
  70  5:41  Supply Depot  
  70  5:47  SCV x2  
  74  5:59  SCV x2  
  74  6:07  Engineering Bay, Barracks x2, Orbital Command  
  74  6:08  Engineering Bay, Viking x2, Marine  
  74  6:09  Stimpack  
  74  6:10  Siege Tank  
  82  6:11  SCV  
  82  6:17  SCV  
  84  6:23  SCV  
  84  6:25  Supply Depot x2  
  85  6:29  SCV  
  86  6:35  SCV  
  86  6:37  Orbital Command  
  87  6:40  Marine  
  87  6:41  Viking, Barracks  
  87  6:43  Viking  
  87  6:44  Barracks  
  92  6:51  SCV  
  91  6:57  Marine  
  91  7:00  Siege Tank  
  95  7:01  SCV  
  96  7:11  Viking  
  96  7:15  SCV, Marine  
  99  7:17  SCV  
  99  7:21  Terran Infantry Armor Level 1, Terran Infantry Weapons Level 1  
  101  7:22  Barracks Reactor  
  101  7:23  Barracks Reactor  
  101  7:24  Viking  
  101  7:25  SCV  
  101  7:27  SCV  
  101  7:29  SCV, Refinery  
  106  7:31  Refinery  
  106  7:34  Barracks Reactor x2  
  106  7:37  SCV, Marine  
  106  7:39  SCV  
  106  7:41  Viking, SCV  
  112  7:50  SCV  
  113  7:54  SCV x2, Viking  
  113  7:55  Marine  
  113  7:58  Combat Shield, Marine  
  118  7:59  Marine x3  
  118  8:02  SCV  
  123  8:06  SCV, Armory  
  123  8:07  Supply Depot  
  123  8:08  Supply Depot  
  123  8:10  Supply Depot, Marine  
  125  8:26  Factory  
  125  8:27  Supply Depot  
  125  8:28  Supply Depot, Marine x5  
  125  8:29  Siege Tank, Marine  
  125  8:30  Viking, Marine x3, SCV  
  125  8:31  Medivac  
  142  8:35  Supply Depot  
  142  8:37  SCV  
  143  8:46  Marine x5  
  143  8:47  Marine  
  139  8:48  Marine x2  
  139  8:49  Marine  
  142  9:01  Siege Tank  
  146  9:04  Marine x5  
  146  9:05  Viking x2, Marine  
  146  9:07  Marine x2  
  156  9:14  Factory Tech Lab  
  156  9:16  Terran Infantry Armor Level 2, Terran Infantry Weapons Level 2  
  156  9:17  Terran Vehicle Weapons Level 1, Command Center  
  156  9:21  Supply Depot  
  156  9:24  Marine  
  156  9:25  Marine x3  
  156  9:26  Marine  
  156  9:27  Sensor Tower  
  156  9:28  Marine  
  162  9:33  Siege Tank  
  162  9:37  Siege Tank  
  168  9:38  Marine  
  168  9:52  Marine x3  
  171  9:55  Viking x2  
  171  9:56  Marine x2  
  171  9:57  Marine x2  
  179  10:01  Supply Depot  
  179  10:03  Supply Depot  
  179  10:04  Supply Depot, Marine x2  
  181  10:23  Siege Tank x2  
  181  10:25  Medivac x2  
  188  10:29  Marine x2  
  190  10:37  Starport  
  190  10:38  Starport  
  190  10:39  Marine x2  
  192  10:51  Refinery  
  192  10:52  Refinery  
  192  10:53  Sensor Tower  
  192  10:55  Siege Tank  
  194  11:04  Siege Tank  
  194  11:06  Marine x3  
  200  11:25  Planetary Fortress  
  199  11:37  Starport Tech Lab x2  
Tags
 
Add a new tag
Caveats
  • Supply blocks, unpowered buildings, or Contaminate may cause inaccurate times.
  • Supply counts are checked every 10 seconds.